 Dungeon Crawl Stone Soup version 0.23.0 (webtiles) character file.

Game seed: 7537789537743612701

36 vishdafish the Vexing (level 3, -1/36 HPs)
             Began as an Ogre Arcane Marksman on Feb 17, 2019.
             Slain by a goblin
             ... wielding a +2 dagger of protection
              (2 damage)
             ... on level 2 of the Dungeon.
             The game lasted 00:02:10 (1042 turns).

vishdafish the Vexing (Ogre Arcane Marksman)        Turns: 1042, Time: 00:02:11

Health: -1/36      AC:  3    Str: 14    XL:     3   Next: 37%
Magic:  4/4        EV: 10    Int: 15    God:
Gold:   88         SH:  0    Dex:  9    Spells: 3/4 levels left

rFire    . . .     SeeInvis .   e - +0 club
rCold    . . .     Gourm    .   (no shield)
rNeg     . . .     Faith    .   a - +0 robe
rPois    .         Spirit   .   (helmet restricted)
rElec    .         Reflect  .   (no cloak)
rCorr    .         Harm     .   (gloves unavailable)
MR       .....                  (boots unavailable)
Stlth    +.........             (no amulet)
HPRegen  0.12/turn              (no ring)
MPRegen  0.09/turn              (no ring)

@: no status effects
A: large, unfitting armour, tough skin 1
a: no special abilities


You were on level 2 of the Dungeon.
You were hungry.

You visited 1 branch of the dungeon, and saw 2 of its levels.

You collected 88 gold pieces.

Inventory:

Hand Weapons
 e - a +0 club (weapon)
Armour
 a - a +0 robe (worn)
Scrolls
 g - 2 scrolls of remove curse {unknown}
 h - a scroll of magic mapping {unknown}
Comestibles
 f - a ration


   Skills:
 + Level 2.4 Fighting
 * Level 1.6 Maces & Flails
 - Level 2.0 Throwing
 + Level 2.2 Dodging
 - Level 1.2 Spellcasting
 - Level 2.6 Hexes


You had 3 spell levels left.
You knew the following spells:

 Your Spells              Type           Power        Failure   Level  Hunger
a - Corona                Hex            #......      9%          1    ##.....

Your spell library contained the following spells:

 Spells                   Type           Power        Failure   Level  Hunger
 Slow                     Hex            #.......     12%         2    ###....
 Inner Flame              Hex/Fire       #.......     38%         3    ####...
 Portal Projectile        Hex/Tloc       #.....       38%         3    ####...
 Cause Fear               Hex            #.........   63%         4    #####..
 Leda's Liquefaction      Hex/Erth       #.........   80%         4    #####..


Dungeon Overview and Level Annotations

Branches:
Dungeon (2/15)

Altars:


Innate Abilities, Weirdness & Mutations

You are too large for most types of armour.
You have tough skin. (AC +1)


Message History

The goblin hits you but does no damage.
You hit the goblin but do no damage.
The goblin is severely wounded.
The goblin hits you but does no damage.
You hit the goblin but do no damage.
The goblin is severely wounded.
The goblin hits you but does no damage.
You hit the goblin but do no damage.
The goblin is severely wounded.
You feel less wooden.
Your +0 robe unmelds from your body.
The goblin hits you but does no damage.
The goblin hits you with a +2 dagger of protection.
* * * LOW HITPOINT WARNING * * *
Throwing (i - inventory)
d - a throwing net (quivered)
Press: ? - help, Shift-Dir - straight line, f - goblin
Aim: a goblin, wielding a +2 dagger of protection (severely wounded)
You throw a throwing net.
The throwing net closely misses the goblin.
The goblin hits you with a +2 dagger of protection.
You die...

.......#
#...... #
#......######
#.#...........#
........##....#
........##....#
#......##....#
#.....@g(...(#
#########....#
#....# ♣ #....#
♣♣. #....#
♣♣.♣♣ #....#
♣♣P..♣ ##....#
♣..P.♣ #.....#
#....# #.....#
#....##


You could see a goblin.

Vanquished Creatures
  2 oozes (D:1)
  6 bats
  A giant cockroach (D:1)
  2 goblins
  4 hobgoblins
  4 jackals (D:2)
  2 kobolds (D:1)
  A frilled lizard (D:2)
  2 rats (D:1)
24 creatures vanquished.

Notes
Turn   | Place    | Note
-------+----------+-------------------------------------------
     0 | D:1      | vishdafish the Ogre Arcane Marksman began the quest for the
                  | Orb.
     0 | D:1      | Reached XP level 1. HP: 19/19 MP: 2/2
   337 | D:1      | Reached XP level 2. HP: 28/28 MP: 3/3
   591 | D:1      | Reached skill level 1 in Maces & Flails
   720 | D:1      | Reached XP level 3. HP: 18/35 MP: 4/4
  1040 | D:2      | HP: 1/36 [goblin/+2 dagger of protection (3)]
  1042 | D:2      | Slain by a goblin

Skill      XL: |  1  2 |
---------------+-------+-----
Dodging        | 2 |  2.2
Fighting       | 2 |  2.4
Maces & Flails | 1 |  1.6
Throwing       | |  2.0
Spellcasting   | |  1.2
Hexes          | |  2.6

Action                   || total
-------------------------++-------
Melee: Club              ||    90
       Unarmed           ||     5
Throw: Large rock        ||    12
       Throwing net      ||     2
  Use: Potion            ||     2
Armor: Robe              ||    43
       Skin              ||    76
Dodge: Dodged            ||    69
